 Dungeon Crawl Stone Soup version 0.30.0-17-ge0270778cf (webtiles) character file.

Game seed: 5081735728270780217

5472 IndexError the Fighter (level 11, -5/90 HPs)
             Began as a Djinni Ice Elementalist on May 22, 2023.
             Was a Follower of Makhleb.
             Killed from afar by an electric eel (9 damage)
             ... with a bolt of electricity
             ... on level 8 of the Dungeon.
             The game lasted 00:21:54 (9011 turns).

IndexError the Fighter (Djinni Ice Elementalist)    Turns: 9011, Time: 00:21:55

Health: -5/90      AC:  5    Str:  9    XL:     11   Next: 0%
Gold:   355        EV: 12    Int: 25    God:    Makhleb [*.....] SH:  0 Dex: 13

rFire   + + .        b - +0 spear
rCold   + . .        (no shield)
rNeg    . . .        u - +1 robe of Veiwieqi {Drain rPois rC++ Str+2}
rPois   ∞            k - +0 helmet {Int+3}
rElec   .            o - +0 cloak
rCorr   .            (no gloves)
SInv    .            (boots unavailable)
Will    +....        (no amulet)
Stlth   ++           z - ring of wizardry {Wiz+, !d}
HPRegen 0.35/turn    (no ring)
MPRegen 0.00/turn

%: wizardry (x1), infuse magic (-6 HP)
@: flying
A: sickness immunity, fire resistance 2, cold vulnerability 1, float, innate
caster, HP casting, extra vitality 1
a: Renounce Religion


You were on level 8 of the Dungeon.
You worshipped Makhleb.
Makhleb was aware of your devotion.
You visited 2 branches of the dungeon, and saw 10 of its levels.
You also visited: Ossuary.

You collected 355 gold pieces.

Inventory:

Hand Weapons
 b - a +0 spear (weapon)
   (You found it on level 1 of the Dungeon)
 j - a +1 dagger of electrocution
   (You took it off a goblin on level 2 of the Dungeon)
Missiles
 l - 6 throwing nets {=f, !d}
Armour
 k - a +0 helmet of intelligence (worn)
   (You took it off Robin on level 2 of the Dungeon)
 o - a +0 cloak (worn)
   (You took it off Crazy Yiuf on level 3 of the Dungeon)
 u - the +1 robe of Veiwieqi (worn) {Drain rPois rC++ Str+2}
   (You found it on level 6 of the Dungeon)

   Str:       It affects your strength (+2).
   rC:        It greatly protects you from cold.
   rPois:     It protects you from poison.
   Drain:     It drains your maximum health when unequipped.
Magical Staves
 x - a staff of fire {rF+}
   (You found it on level 5 of the Dungeon)
Jewellery
 z - a ring of wizardry (left hand) {Wiz+, !d}
   (You found it on level 5 of the Dungeon)
Wands
 m - a wand of iceblast (10)
   (You found it on level 2 of the Dungeon)
 p - a wand of flame (3)
   (You took it off Ijyb on level 4 of the Dungeon)
Scrolls
 d - 6 scrolls of enchant armour {unknown}
 f - 9 scrolls of teleportation
 h - a scroll of magic mapping {unknown}
 t - 2 scrolls of enchant weapon {unknown}
 v - 2 scrolls of noise {unknown}
 y - a scroll of fog
 C - 3 scrolls of poison {unknown}
 D - a scroll of identify
Potions
 a - a potion of lignification {unknown}
 c - a potion of brilliance
 e - 4 potions of curing
 g - 3 potions of heal wounds
 i - 2 potions of haste {unknown}
 n - 3 potions of degeneration {!q}
 q - 2 potions of flight
 r - 2 potions of attraction {!q}
 s - a potion of mutation {unknown}
 w - a potion of might
 A - a potion of ambrosia {unknown}
 B - 2 potions of resistance {unknown}


   Skills:
 + Level 12.4 Fighting
 - Level 2.1 Dodging
 - Level 1.5 Stealth
 - Level 8.0 Spellcasting


You knew the following spells:

 Your Spells              Type           Power      Damage    Failure   Level
a - Freeze                Ice            100%       1d10      1%          1
b - Frozen Ramparts       Ice            100%       1d16      1%          3
c - Summon Ice Beast      Ice/Summ       50%        N/A       1%          4
d - Necrotise             Necr           100%       1d9       1%          1
e - Call Imp              Summ           100%       N/A       1%          2
f - Lesser Beckoning      Tloc           100%       N/A       1%          2
g - Dispel Undead         Necr           50%        3d19      1%          4
h - Animate Dead          Necr           50%        N/A       1%          4
A - Ozocubu's Armour      Ice            50%        N/A       1%          3
Your spell library was empty.

Dungeon Overview and Level Annotations

Branches:
Dungeon (9/15)             Temple (1/1) D:6            Lair (0/5) D:8
Ossuary (visited)
    Orc: D:9-12

Altars:
Ashenzari
Dithmenos
Elyvilon
Fedhas
Gozag
Hepliaklqana
Makhleb
Nemelex Xobeh
Okawaru
Qazlal
Ru
Trog
Uskayaw
Wu Jian
Xom
Yredelemnul
Zin
The Shining One

Shops:
D:1 *

Annotations:
D:4 Grinder


Innate Abilities, Weirdness & Mutations

You are immune to sickness and miasma.
You are immune to poison.
Your flesh is very heat resistant. (rF++)
You are vulnerable to cold. (rC-)
You float through the air rather than walking.
You learn spells naturally, not from books.
Your magical power is your life essence.
You have superior vitality. (+4 MHP)


Message History

Confirm with . or Enter, or press ? or * to list all spells.
Casting: Frozen Ramparts (safe; 1% risk of failure)
Press: ? - help, Dir - look around, f - activate The walls around you are covered in ice.
Your ice beast hits the wight but does no damage.
A wight comes into view. It is wielding a +5 short sword.
The wall freezes the wight but does no damage.
The wight barely misses your ice beast.
The wall freezes the howler monkey!
The wight resists.
The wall freezes the wight.
The wight hits you from afar with a +0 spear!
* * * LOW HITPOINT WARNING * * *
Your cerulean imp hits the howler monkey with a +1 spear.
You take 12 damage, and have 22/85 hp.
The wall freezes the howler monkey!
Makhleb accepts your kill.
Your ice beast hits the wight but does no damage.
The wight resists.
The wall freezes the wight.
The wight barely misses your ice beast.
The wight resists.
The wall freezes the wight.
Makhleb accepts your kill.
The wight completely resists.
The wall freezes the wight but does no damage.
You have reached level 11!
The power to cast Animate Dead wells up from within.
Spell assigned to 'h'.
You regained 2 hp, and now have 24/90 hp.
Your icy armour and frozen ramparts will break if you move.
Continue?
Okay, then.
Reach: b) +0 spear
Press: ? - help, Dir - move target, f - wight
Aim: a wight, wielding a +1 long sword and wearing a +0 robe (about 34% to evade your +0 spear)
You could not reach far enough!
The wight resists.
The wall freezes the wight.
The wight hits your ice beast but does no damage.
A wight comes into view. It is wielding a +4 hand axe.
The wight resists.
The wall freezes the wight.
The wight closely misses your ice beast.
A troll comes into view.
Reach: b) +0 spear
Press: ? - help, Dir - move target, f/p - wight
Aim: a wight, wielding a +1 long sword and wearing a +0 robe (lightly damaged, ally target, about 34% to evade your +0 spear)
You reach to attack!
You closely miss the wight.
Your cerulean imp hits the wight but does no damage.
Your ice beast hits the wight but does no damage.
The wight resists.
The wall freezes the wight.
The wight hits your ice beast with a +1 long sword!
The wight resists.
The wall freezes the wight.
The wight closely misses your ice beast.
Aiming: Freeze (safe; 1% risk of failure)
Press: ? - help, Q - select action, (/) - cycle Shift-Dir - straight line, f - you, p - wight
Okay, then.
As you read the scroll of teleportation, it crumbles to dust.
You feel strangely unstable.
Your cerulean imp barely misses the wight.
Your ice beast hits the wight but does no damage.
The wall freezes the wight but does no damage.
The wight closely misses your ice beast.
The wall freezes the wight but does no damage.
The wight hits your ice beast with a +1 vampiric morningstar!
The wall freezes the troll.
The troll barely misses your cerulean imp.
The troll claws your cerulean imp.
The troll closely misses your cerulean imp.
Your ice beast hits the wight.
Your ice beast freezes the wight.
The wight resists.
The wight completely resists.
The wall freezes the wight but does no damage.
The wight resists.
The wall freezes the wight.
The wight hits your ice beast with a +1 vampiric morningstar!
The wall freezes the troll!
The wight resists.
The wall freezes the wight.
The wight hits your ice beast but does no damage.
Your cerulean imp closely misses the troll.
Your ice beast hits the wight but does no damage.
The wall freezes the wight but does no damage.
The wight hits your ice beast with a +1 long sword!
The wight drains your ice beast.
Your ice beast disappears in a puff of smoke!
The wight resists.
The wall freezes the wight.
The wight completely resists.
The wall freezes the wight but does no damage.
The wall freezes the troll but does no damage.
The troll bites you.
* * * LOW HITPOINT WARNING * * *
The troll claws you but does no damage. x2
Your cerulean imp hits the troll but does no damage.
You take 6 damage, and have 19/90 hp.
Your surroundings suddenly seem different.
Your icy armour cracks and falls away as you move.
The frozen ramparts melt away as you move.
An electric eel comes into view.
Found a staircase to the Lair.
The electric eel shoots out a bolt of lightning at you!
The bolt of electricity hits you.
* * * LOW HITPOINT WARNING * * *
The bolt of electricity hits you!
* * * LOW HITPOINT WARNING * * *
You take 17 damage, and have 2/90 hp.
Okay, then.
As you read the scroll of fog, it crumbles to dust.
The scroll dissolves into smoke.
The electric eel shoots out a bolt of lightning at you!
The bolt of electricity hits you!
You die...

..~~≈≈≈≈§§≈≈~≈~≈≈≈
...~~~≈≈≈≈§≈≈~~.~.
......~≈§≈§S§≈~..~
......~≈≈§§§§....~
......≈§S§§§§.....
###..#§######.#.#
#..#.# #..#.#####.
#..@........
#.....#####.#
#..#..# #..#..# #.
#..# #. #..# .
#..# .. ...#


You could see an electric eel.

Vanquished Creatures
  4 kobold demonologists (D:5)
  11 yaks (D:9)
  Menkaure (D:3)
  Edmund (D:6)
  An acid dragon (D:8)
  An ice beast (D:5)
  2 black bears
  A wolf (D:8)
  A phantom (D:5)
  A centaur (D:6)
  A kobold brigand (D:5)
  Blork the orc (D:6)
  A bullfrog (D:6)
  A gnoll sergeant (D:6)
  A wight (D:8)
  3 howler monkeys
  6 hounds
  A jelly (D:6)
  Crazy Yiuf (D:3)
  An orc priest (D:3)
  A gnoll bouda (D:5)
  2 iguanas
  3 sleepcaps
  Robin (D:2)
  3 adders
  16 gnolls
  A shadow imp (D:5)
  A white imp (D:5)
  4 worms
  3 dart slugs
  4 orcs
  8 bats
  3 endoplasms
  3 giant cockroaches (D:3)
  4 gnoll zombies (Ossuary)
  11 goblins
  7 hobgoblins
  6 jackals
  A quokka (D:1)
  2 ball pythons
  4 frilled lizards
  2 goblin simulacra (Ossuary)
  2 goblin zombies (Ossuary)
  2 hobgoblin zombies (Ossuary)
  9 kobolds
  A kobold simulacrum (Ossuary)
  3 kobold zombies (Ossuary)
  5 rats
  A spectral goblin (Ossuary)
154 creatures vanquished.

Vanquished Creatures (collateral kills)
  Prince Ribbit (D:6)
  A yak (D:9)
  A wraith (D:9)
  3 ice beasts (D:6)
  Ijyb (D:4)
  A mummy (Ossuary)
  A gnoll (D:5)
  An adder (D:4)
  A white imp (D:6)
  An orc (D:4)
  8 gnoll zombies (Ossuary)
  A hobgoblin (D:4)
  A jackal (D:4)
  A bat simulacrum (Ossuary)
  3 goblin simulacra (Ossuary)
  2 goblin zombies (Ossuary)
  3 hobgoblin zombies (Ossuary)
  2 kobolds
  3 kobold simulacra (Ossuary)
  A kobold zombie (Ossuary)
  5 orc zombies (Ossuary)
  4 rat simulacra (Ossuary)
  3 spectral goblins (Ossuary)
  3 spectral kobolds (Ossuary)
  4 spectral rats (Ossuary)
56 creatures vanquished.

Grand Total: 210 creatures vanquished

Notes
Turn   | Place    | Note
-------+----------+-------------------------------------------
     0 | D:1      | IndexError the Djinni Ice Elementalist began the quest for
                  | the Orb.
     0 | D:1      | IndexError set off with the following spells memorised:
                  | Freeze, Frozen Ramparts, Ozocubu's Armour, Summon Ice
                  | Beast.
     0 | D:1      | Reached XP level 1. HP: 15/15 MP: 0/0
   153 | D:1      | Reached XP level 2. HP: 10/21 MP: 0/0
   539 | D:1      | Reached XP level 3. HP: 23/25 MP: 0/0
   539 | D:1      | Learned a level 1 spell: Necrotise
   586 | D:1      | Found Ruckaoli's General Store.
  1005 | D:2      | Reached skill level 4 in Spellcasting
  1057 | D:2      | Noticed Robin
  1068 | D:2      | Killed Robin
  1205 | D:2      | Found the +5 robe of Misfortune {Harm *Corrode *Slow EV+5}
  1336 | D:2      | Reached XP level 4. HP: 30/31 MP: 0/0
  2059 | D:3      | Found a faded altar of an unknown god.
  2315 | D:3      | Found a basalt altar of Yredelemnul.
  2323 | D:3      | Found a hide-covered altar of Uskayaw.
  2405 | D:3      | Reached XP level 5. HP: 31/35 MP: 0/0
  2405 | D:3      | Learned a level 2 spell: Call Imp
  2594 | D:3      | Reached skill level 5 in Spellcasting
  2886 | D:3      | Found a runed translucent door.
  2887 | D:3      | Noticed Crazy Yiuf
  3157 | D:3      | Killed Crazy Yiuf
  3158 | D:3      | Reached XP level 6. HP: 34/40 MP: 0/0
  3249 | D:4      | Noticed Ijyb
  3268 | D:4      | Killed Ijyb
  3402 | D:4      | Noticed Grinder
  3430 | D:4      | Noticed Menkaure
  3442 | D:4      | HP: 8/40 [??? (6)]
  3444 | D:3      | HP: 3/40 [gnoll/+0 flail (4)]
  3671 | D:3      | Killed Menkaure
  3672 | D:3      | Reached skill level 6 in Spellcasting
  3672 | D:3      | Reached XP level 7. HP: 17/45 MP: 0/0
  3672 | D:3      | Learned a level 2 spell: Lesser Beckoning
  4324 | D:5      | Entered Level 5 of the Dungeon
  4367 | D:5      | Found a sand-covered staircase.
  4431 | Ossuary  | Entered an ossuary
  4796 | Ossuary  | Reached skill level 7 in Spellcasting
  5043 | D:5      | Found a shimmering altar of Xom.
  5099 | D:5      | Noticed a kobold demonologist
  5101 | D:5      | Noticed a kobold demonologist
  5101 | D:5      | Noticed a kobold demonologist
  5102 | D:5      | Noticed a kobold demonologist
  5116 | D:5      | Reached XP level 8. HP: 36/50 MP: 0/0
  5119 | D:5      | HP: 11/50 [white imp/puff of frost[a kobold demonologist]
                  | (15)]
  5641 | D:5      | Killed a kobold demonologist
  5642 | D:5      | Reached skill level 2 in Fighting
  5642 | D:5      | Reached skill level 8 in Spellcasting
  5642 | D:5      | Noticed an orange demon
  5645 | D:5      | Killed a kobold demonologist
  5646 | D:5      | Reached skill level 4 in Fighting
  5646 | D:5      | Reached XP level 9. HP: 32/63 MP: 0/0
  5646 | D:5      | Learned a level 4 spell: Dispel Undead
  5775 | D:5      | Reached skill level 5 in Fighting
  5869 | D:5      | Noticed a smoke demon
  6365 | D:5      | Killed a kobold demonologist
  6366 | D:5      | Reached skill level 6 in Fighting
  6371 | D:5      | Killed a kobold demonologist
  6372 | D:5      | Reached skill level 7 in Fighting
  6826 | D:6      | Noticed Edmund
  6836 | D:6      | Reached skill level 8 in Fighting
  6839 | D:6      | Killed Edmund
  6889 | D:6      | Identified the +1 robe of Veiwieqi {Drain rPois rC++ Str+2}
  6956 | D:6      | Noticed Blork the orc
  6961 | D:6      | Killed Blork the orc
  7012 | D:6      | Found a staircase to the Ecumenical Temple.
  7232 | D:6      | Reached skill level 9 in Fighting
  7232 | D:6      | Reached XP level 10. HP: 57/78 MP: 0/0
  7234 | Temple   | Entered the Ecumenical Temple
  7401 | Temple   | Became a worshipper of Makhleb the Destroyer
  7744 | D:6      | Noticed Prince Ribbit
  7756 | D:6      | Killed Prince Ribbit
  8207 | D:7      | You are sucked into a shaft and drop 2 floors!
  8258 | D:9      | Reached skill level 10 in Fighting
  8265 | D:9      | Reached skill level 11 in Fighting
  8631 | D:9      | Reached skill level 12 in Fighting
  8977 | D:8      | Reached * piety under Makhleb
  8999 | D:8      | Reached XP level 11. HP: 24/90 MP: 0/0
  8999 | D:8      | Learned a level 4 spell: Animate Dead
  9003 | D:8      | HP: 19/90 [troll (6)]
  9004 | D:8      | Found a staircase to the Lair.
  9004 | D:8      | HP: 2/90 [electric eel/bolt of electricity (12)]
  9011 | D:8      | Killed from afar by an electric eel

Illustrated notes

Levels and vault maps discovered:
D:1:      minmay_arrival_four_loops, layout_loops_ring, serial_shops, shop,
          chequers_decorated_corner
D:2:      layout_loops_ring, minmay_misc_feat_four_crosses, uniq_robin
D:3:      layout_loops_corners, mainiacjoe_overflow_catwalk_spiral,
          basic_ecumenical_altar, chequers_serial_rivers_micro_e,
          reono_crystal_passage, st_stairs_2, uniq_crazy_yiuf_cottage
D:4:      layout_rooms, minivault_26, uniq_ijyb, uniq_grinder, uniq_menkaure
D:5:      layout_loops_ring, xom_teletrap_fun, enter_ossuary_1,
          skrybe_limestone_x
D:6:      layout_basic, minmay_temple_entry_junction, uniq_edmund,
          uniq_prince_ribbit1, uniq_blork_the_orc
D:7:      layout_cave_pools, minmay_shattered_shrine
D:8:      layout_loops_ring, kennysheep_slug_shrine, erik_lair_island,
          grunt_ministairs_9, onia_ninara_dug_in_and_dangerous
D:9:      layout_grid_maze
Temple:   nicolae_temple_two_arcs

Skill      XL: |  1  2  3  4  5  6  7  8  9 10 |
---------------+-------------------------------+-----
Spellcasting   | 4 5 6 7 8 |  8.0
Fighting       | 4 9 12 | 12.4
Dodging        | |  2.1
Stealth        | |  1.5

Action                     |  1- 3 |  4- 6 |  7- 9 | 10-12 || total
---------------------------+-------+-------+-------+-------++-------
  Melee: Spear             |    34 |    87 |   196 |    52 ||   369
         Punch             |     1 |       |     2 |     1 ||     4
   Cast: Freeze            |    21 |    37 |    59 |    12 ||   129
         Necrotise         |     8 |    11 |    10 |       ||    29
         Frozen Ramparts   |     2 |     3 |    13 |     7 ||    25
         Ozocubu's Armour  |     1 |     5 |     9 |     3 ||    18
         Summon Ice Beast  |       |     1 |    14 |     6 ||    21
         Call Imp          |       |     1 |    12 |     6 ||    19
         Dispel Undead     |       |       |     1 |       ||     1
  Evoke: Wand              |       |     5 |       |       ||     5
    Use: Scroll            |       |       |     8 |     2 ||    10
   Stab: Sleeping          |     7 |     2 |    12 |       ||    21
         Distracted        |       |     1 |     4 |     2 ||     7
 Armour: Robe              |    14 |    12 |    69 |    30 ||   125
  Dodge: Dodged            |    24 |    57 |   113 |    34 ||   228

Levels and vault maps discovered:
D:1:      minmay_arrival_four_loops, layout_loops_ring, serial_shops, shop,
          chequers_decorated_corner
D:2:      layout_loops_ring, minmay_misc_feat_four_crosses, uniq_robin
D:3:      layout_loops_corners, mainiacjoe_overflow_catwalk_spiral,
          basic_ecumenical_altar, chequers_serial_rivers_micro_e,
          reono_crystal_passage, st_stairs_2, uniq_crazy_yiuf_cottage
D:4:      layout_rooms, minivault_26, uniq_ijyb, uniq_grinder, uniq_menkaure
D:5:      layout_loops_ring, xom_teletrap_fun, enter_ossuary_1,
          skrybe_limestone_x
D:6:      layout_basic, minmay_temple_entry_junction, uniq_edmund,
          uniq_prince_ribbit1, uniq_blork_the_orc
D:7:      layout_cave_pools, minmay_shattered_shrine
D:8:      layout_loops_ring, kennysheep_slug_shrine, erik_lair_island,
          grunt_ministairs_9, onia_ninara_dug_in_and_dangerous
D:9:      layout_grid_maze
Temple:   nicolae_temple_two_arcs

Table legend: (Time is in decaauts)
 A = Elapsed time spent in this place.
 B = Non-inter-level travel time spent in this place.
 C = Inter-level travel time spent in this place.
 D = Time resting spent in this place.
 E = Time spent auto-exploring this place.
 F = Levels seen in this place.
 G = Mean time per level.
                   A        B        C        D        E       F      G
               +--------+--------+--------+--------+--------+-----+--------+
         Total |   9043 |   8424 |    619 |    157 |   6620 |  11 |  822.1 |
       Dungeon |   8370 |   7779 |    591 |    157 |   6235 |   9 |  930.0 |
        Temple |    175 |    147 |     28 |      0 |    135 |   1 |  175.0 |
       Ossuary |    497 |    497 |      0 |      0 |    250 |   1 |  497.0 |
               +--------+--------+--------+--------+--------+-----+--------+

Top non-repeatable levels by time:
     D:5: 1739 daAuts
     D:3: 1689 daAuts
     D:6: 1201 daAuts
     D:4: 1007 daAuts
     D:2: 989 daAuts
     D:1: 936 daAuts
     D:9: 719 daAuts
 Ossuary: 497 daAuts
  Temple: 175 daAuts
     D:8: 87 daAuts

Table legend:
 A = Kills in this place as a percentage of kills in the entire game.
 B = Kills by you in this place as a percentage of kills by you in the entire game.
 C = Kills by friends in this place as a percentage of kills by friends in the entire game.
 D = Other kills in this place as a percentage of other kills in the entire game.
 E = Experience gained in this place as a percentage of experience gained in the entire game.
 F = Experience gained in this place divided by the number of levels of this place that you have seen.
                   A       B       C       D       E      F
               +-------+-------+-------+-------+-------+----------------------
         Total | 100.0 | 100.0 | 100.0 |   N/A | 100.0 | 710.7
       Dungeon |  73.3 |  90.3 |  26.8 |   N/A |  98.9 | 859.4
       Ossuary |  26.7 |   9.7 |  73.2 |   N/A |   1.1 |  83.0
               +-------+-------+-------+-------+-------+----------------------
